 Dungeon Crawl Stone Soup version 0.19.0-19-g8c6edcc (webtiles) character file.

122 Krapule the Skirmisher (level 4, 0/38 HPs)
             Began as a Minotaur Skald on Nov 14, 2016.
             Was an Initiate of Gozag.
             Slain by Sigmund
             ... wielding a +0 scythe
              (4 damage)
             ... on level 3 of the Dungeon.
             The game lasted 00:06:22 (2073 turns).

Krapule the Skirmisher (Minotaur Skald)             Turns: 2073, Time: 00:06:23

Health: 0/38       AC:  9    Str: 21    XL:     4   Next: 78%
Magic:  5/5        EV: 10    Int: 10    God:    Gozag
Gold:   119        SH:  0    Dex: 10    Spells: 1 memorised, 5 levels left

rFire  . . .     SeeInvis .     a - +0 spear
rCold  . . .     Gourm    .     t - +0 scale mail
rNeg   . . .     Faith    .     (no shield)
rPois  .         Spirit   .     (helmet restricted)
rElec  .         Reflect  .     j - +0 cloak
rCorr  .         Harm     .     n - +0 pair of gloves
MR     .....                    r - +0 pair of boots
Stlth  ..........               (no amulet)
                                (no ring)
                                (no ring)

@: mighty, gold aura, very slightly contaminated
A: retaliatory headbutt, horns 2
a: Potion Petition, Call Merchant, Bribe Branch, Renounce Religion


You were on level 3 of the Dungeon.
You worshipped Gozag.
Gozag was aware of your devotion.
You were hungry.

You visited 1 branch of the dungeon, and saw 3 of its levels.

You collected 144 gold pieces.
You paid 25 gold pieces to Gozag.

Inventory:

Hand Weapons
 a - a +0 spear (weapon)
Armour
 b - a +0 leather armour
 j - a +0 cloak (worn)
 n - a +0 pair of gloves (worn)
 r - a +0 pair of boots (worn)
 t - a +0 scale mail (worn)
Wands
 p - a wand of hasting (5/9)
Scrolls
 f - a scroll of enchant armour {unknown}
 h - 2 scrolls of enchant weapon {unknown}
 i - a scroll of fog {unknown}
 k - a scroll of blinking {unknown}
 m - 2 scrolls of immolation {unknown}
 q - a scroll of teleportation {unknown}
Books
 c - a book of Battle

   Spells                             Type                      Level
   a - Infusion                       Charms                       1
   b - Shroud of Golubria             Charms/Translocation         2
   c - Song of Slaying                Charms                       2
   d - Spectral Weapon                Hexes/Charms                 3
   e - Regeneration                   Charms/Necromancy            3
Comestibles
 d - a bread ration
 g - 3 fruits


   Skills:
 + Level 3.2 Fighting
 + Level 3.2 Polearms
 + Level 2.2 Armour
 + Level 2.1 Dodging
 + Level 1.8 Spellcasting
 * Level 2.5 Charms


You had 5 spell levels left.
You knew the following spells:

 Your Spells              Type           Power        Failure   Level  Hunger
a - Infusion              Chrm           #...         30%         1    ##.....


Dungeon Overview and Level Annotations

Branches:
Dungeon (3/15)

Altars:
Ashenzari
Gozag
Kikubaaqudgha
Qazlal

Annotations:
D:3 Robin, Sigmund


Innate Abilities, Weirdness & Mutations

You reflexively headbutt those who attack you in melee.
You have a pair of horns on your head.


Message History

* * * LOW HITPOINT WARNING * * *
The hobgoblin barely misses you. You furiously retaliate!
You headbutt the hobgoblin.
You kill the hobgoblin!
Robin drinks a potion.
Robin flickers and vanishes!
The goblin is distracted by the nearby gold.
Something completely misses you. The quokka bites you.
* * * LOW HITPOINT WARNING * * *
The goblin shouts!
You puncture the goblin!
You kill the goblin!
The gnoll is distracted by the nearby gold.
The goblin is distracted by the nearby gold.
The gnoll hits you but does no damage. x2; The quokka completely misses you.
The goblin is distracted by the nearby gold.
The goblin barely misses you.
The goblin is no longer distracted by gold.
Something hits you.
You die...
Your body crumbles into a pile of gold. #.... #.....# ##### #.....### # +....... # #gg..o# # #g...g# #gggg.#

#gg...###.
##.@.......
##gr##+####.
##g.##.⌠.#
##g.##...#
##..##...#
##..##...#
#..''gg.++
#...##...#
#.#..##...#


You could see 3 gnolls, an orc, a quokka, a hobgoblin and 9 goblins.

Vanquished Creatures
  Terence (D:2)
  3 adders (D:2)
  A worm (D:2)
  2 dart slugs
  A leopard gecko (D:1)
  An orc (D:3)
  5 bats
  4 giant cockroaches
  4 goblins
  8 hobgoblins
  3 jackals (D:2)
  A quokka (D:2)
  2 ball pythons (D:2)
  8 frilled lizards
  11 kobolds
  4 rats
59 creatures vanquished.

Notes
Turn   | Place    | Note
-------+----------+-------------------------------------------
     0 | D:1      | Krapule the Minotaur Skald began the quest for the Orb.
     0 | D:1      | Reached XP level 1. HP: 18/18 MP: 1/1
   286 | D:1      | Reached XP level 2. HP: 22/25 MP: 3/3
   795 | D:1      | Reached XP level 3. HP: 30/30 MP: 4/4
  1124 | D:2      | Reached XP level 4. HP: 16/38 MP: 5/5
  1608 | D:2      | Noticed Terence
  1632 | D:2      | Killed Terence
  1667 | D:2      | Found an opulent altar of Gozag.
  1669 | D:2      | Found a shattered altar of Ashenzari.
  1672 | D:2      | Became a worshipper of Gozag Ym Sagoz the Greedy
  1676 | D:2      | Found a stormy altar of Qazlal.
  1915 | D:2      | Found an ancient bone altar of Kikubaaqudgha.
  2062 | D:3      | Noticed Sigmund
  2069 | D:3      | Noticed Robin
  2073 | D:3      | Slain by Sigmund

Skill      XL: |  1  2  3  4 |
---------------+-------------+-----
Fighting       | 3 |  3.2
Polearms       | 3 |  3.2
Armour         | 2 |  2.2
Dodging        | 2 |  2.1
Spellcasting   | |  1.8
Charms         | |  2.5

Action                   |  1- 3 |  4- 6 || total
-------------------------+-------+-------++-------
Melee: Spear             |   143 |    62 ||   205
       Headbutt          |    14 |     4 ||    18
 Cast: Infusion          |       |     1 ||     1
  Use: Scroll            |       |     3 ||     3
       Potion            |       |     2 ||     2
  Eat: Chunk             |     1 |     2 ||     3
Armor: Leather armour    |    38 |     1 ||    39
       Scale mail        |       |    16 ||    16
Dodge: Dodged            |    73 |    20 ||    93
